 Dungeon Crawl Stone Soup version 0.28.0-45-g0d030f2227 (webtiles) character file.

Game seed: 10079372926411695246

130 DearestLeader the Grasshopper (level 5, -1/43 HPs)
             Began as a Gnoll Warper on Apr 7, 2022.
             Slain by a phantom (7 damage)
             ... on level 2 of the Dungeon.
             The game lasted 00:05:07 (4265 turns).

DearestLeader the Grasshopper (Gnoll Warper)        Turns: 4265, Time: 00:05:08

Health: -1/43      AC:  7    Str: 12    XL:     5   Next: 14%
Magic:  12/12      EV: 12    Int: 11    God:
Gold:   108        SH:  0    Dex: 11    Spells: 6/14 levels left

rFire   . . .      SeeInvis +   a - +0 hand axe
rCold   . . .      Faith    .   (no shield)
rNeg    + + .      Spirit   .   t - +1 ring mail of the Endless Expanse {rN++ Will+}
rPois   .          Reflect  .   (no helmet)
rElec   .          Harm     .   (no cloak)
rCorr   .          Rampage  .   (no gloves)
Will    ++...                   s - +0 pair of boots
Stlth   +.........              (no amulet)
HPRegen 0.14/turn               q - ring of see invisible
MPRegen 0.13/turn               (no ring)

@: no status effects
A: fangs 1, strong nose, distributed training, dopey 1, strong-willed 1, sturdy
frame 1
a: no special abilities


You were on level 2 of the Dungeon.
You visited 1 branch of the dungeon, and saw 3 of its levels.

You collected 108 gold pieces.

Inventory:

Hand Weapons
 a - a +0 hand axe (weapon)
 p - a +0 whip of venom
Missiles
 d - 7 boomerangs of dispersal (quivered)
 n - 2 atropa-tipped darts
 r - 20 sling bullets
Armour
 b - a +0 leather armour
 s - a +0 pair of boots (worn)
 t - the +1 ring mail of the Endless Expanse (worn) {rN++ Will+}
   (You found it on level 2 of the Dungeon)

   rN:        It greatly protects you from negative energy.
   Will:      It increases your willpower.
Magical Staves
 o - a staff of conjuration
Jewellery
 q - a ring of see invisible (left hand)
Scrolls
 c - a scroll of blinking
 e - a scroll of magic mapping {unknown}
 f - a scroll of acquirement {unknown}
 g - a scroll of teleportation
 h - 4 scrolls of enchant weapon {unknown}
 j - 3 scrolls of immolation {unknown}
 k - a scroll of fog {unknown}
 m - 2 scrolls of identify {unknown}
Potions
 i - a potion of brilliance {unknown}
 l - a potion of attraction


   Skills:
 + Level 4.7 Fighting
 + Level 1.4 Short Blades
 + Level 1.4 Long Blades
 + Level 4.7 Axes
 + Level 1.4 Maces & Flails
 + Level 1.4 Polearms
 + Level 1.4 Staves
 + Level 1.4 Slings
 + Level 1.4 Bows
 + Level 1.4 Crossbows
 + Level 2.9 Throwing
 + Level 2.9 Armour
 + Level 4.7 Dodging
 + Level 1.4 Stealth
 + Level 1.4 Shields
 + Level 1.4 Unarmed Combat
 + Level 5.1 Spellcasting
 + Level 1.1 Conjurations
 + Level 1.1 Hexes
 + Level 1.1 Summonings
 + Level 1.1 Necromancy
 + Level 5.5 Translocations
 + Level 1.1 Transmutations
 + Level 1.1 Fire Magic
 + Level 1.1 Ice Magic
 + Level 1.1 Air Magic
 + Level 1.1 Earth Magic
 + Level 1.1 Poison Magic
 + Level 1.5 Invocations
 + Level 1.4 Evocations


You had 6 spell levels left.
You knew the following spells:

 Your Spells              Type           Power      Damage    Failure   Level
a - Blink                 Tloc           30%        N/A       4%          2
b - Gell's Gravitas       Tloc           15%        N/A       10%         3
c - Teleport Other        Tloc           15%        N/A       10%         3

Your spell library contained the following spells:

 Spells                   Type           Power      Damage    Failure   Level
 Lesser Beckoning         Tloc           15%        N/A       10%         3
 Dazzling Flash           Conj/Hex       10%        N/A       50%         3
 Iskenderun's Mystic Bla  Conj/Tloc      10%        2d4       61%         4
 Manifold Assault         Tloc           15%        N/A       65%         5
 Starburst                Conj/Fire      2%         6d3       100%        6


Dungeon Overview and Level Annotations

Branches:
Dungeon (3/15)

Altars:

Shops:
D:3 =


Innate Abilities, Weirdness & Mutations

You have very sharp teeth.
Your uncanny sense of smell can sniff out nearby items.
Your experience applies equally to all skills.
You are dopey. (Int -2)
You are strong-willed. (Will+)
Your movements are slightly less encumbered by armour. (ER -2)


Message History

You barely miss the phantom. Your bite misses the phantom.
The phantom is severely damaged.
The phantom hits you but does no damage.
Your +0 whip of venom stops dripping with poison.
a - a +0 hand axe (weapon)
The phantom closely misses you.
You barely miss the phantom.
The phantom is severely damaged.
The phantom closely misses you.
You closely miss the phantom.
The phantom is severely damaged.
The phantom hits you.
You hit the phantom. You bite the phantom, but do no damage.
The phantom is almost destroyed.
The phantom hits you.
You closely miss the phantom. Your bite misses the phantom.
The phantom is almost destroyed.
The phantom misses you.
You closely miss the phantom.
You punch the phantom, but do no damage.
The phantom is almost destroyed.
The phantom hits you!
* * * LOW HITPOINT WARNING * * *
You barely miss the phantom.
The phantom is severely damaged.
The phantom closely misses you.
You hit the phantom but do no damage.
The phantom is severely damaged.
The phantom barely misses you.
You barely miss the phantom.
The phantom is severely damaged.
The phantom hits you.
* * * LOW HITPOINT WARNING * * *
You hit the phantom.
The phantom is almost destroyed.
The phantom barely misses you.
You completely miss the phantom. Your punch misses the phantom.
The phantom is almost destroyed.
The phantom hits you!
You die...

####### #.....#
#.###.# #####$..
.. ##...#.# ##
#...@W.#.#
##........#
#.......###
#.....#.#
#.....#...
##...#####......
##.# .....
####.####
#.......
#.......# #..<
...# #.#


You could see a phantom.

Vanquished Creatures
  Terence (D:2)
  5 adders
  A worm (D:3)
  2 dart slugs
  5 orcs (D:2)
  2 endoplasms
  3 giant cockroaches (D:3)
  6 goblins
  4 hobgoblins
  2 quokkas
  6 ball pythons
  5 bats
  2 frilled lizards (D:1)
  5 kobolds
  6 rats
55 creatures vanquished.

Vanquished Creatures (others)
  2 plants (D:1)
2 creatures vanquished.

Grand Total: 57 creatures vanquished

Notes
Turn   | Place    | Note
-------+----------+-------------------------------------------
     0 | D:1      | DearestLeader the Gnoll Warper began the quest for the Orb.
     0 | D:1      | Reached XP level 1. HP: 20/20 MP: 6/6
   254 | D:1      | Reached XP level 2. HP: 18/26 MP: 7/7
   261 | D:1      | Learned a level 2 spell: Blink
   945 | D:1      | Found a faded altar of an unknown god.
  1253 | D:2      | Gained mutation: You are dopey. (Int -2) [potion of
                  | mutation]
  1253 | D:2      | Gained mutation: You are strong-willed. (Will+) [potion of
                  | mutation]
  1253 | D:2      | Gained mutation: Your movements are slightly less
                  | encumbered by armour. (ER -2) [potion of mutation]
  1267 | D:2      | HP: 1/26 [adder (2)]
  1271 | D:2      | Reached skill level 5 in Spellcasting
  1271 | D:2      | Reached XP level 3. HP: 1/31 MP: 7/9
  1644 | D:2      | Reached skill level 1 in Invocations
  1650 | D:2      | Learned a level 3 spell: Gell's Gravitas
  1654 | D:2      | Learned a level 3 spell: Teleport Other
  1736 | D:2      | Noticed a phantom
  1867 | D:3      | Reached skill level 1 in Short Blades
  1867 | D:3      | Reached skill level 1 in Long Blades
  1867 | D:3      | Reached skill level 1 in Maces & Flails
  1867 | D:3      | Reached skill level 1 in Polearms
  1867 | D:3      | Reached skill level 1 in Staves
  1867 | D:3      | Reached skill level 1 in Slings
  1867 | D:3      | Reached skill level 1 in Bows
  1867 | D:3      | Reached skill level 1 in Crossbows
  1867 | D:3      | Reached skill level 1 in Stealth
  1867 | D:3      | Reached skill level 1 in Shields
  1867 | D:3      | Reached skill level 1 in Unarmed Combat
  1867 | D:3      | Reached skill level 1 in Evocations
  2168 | D:3      | Reached XP level 4. HP: 37/38 MP: 11/11
  2633 | D:3      | Found Zurothri's Jewellery Emporium.
  2647 | D:3      | Reached skill level 1 in Conjurations
  2647 | D:3      | Reached skill level 1 in Hexes
  2647 | D:3      | Reached skill level 1 in Summonings
  2647 | D:3      | Reached skill level 1 in Necromancy
  2647 | D:3      | Reached skill level 1 in Transmutations
  2647 | D:3      | Reached skill level 1 in Fire Magic
  2647 | D:3      | Reached skill level 1 in Ice Magic
  2647 | D:3      | Reached skill level 1 in Air Magic
  2647 | D:3      | Reached skill level 1 in Earth Magic
  2647 | D:3      | Reached skill level 1 in Poison Magic
  3243 | D:3      | Noticed a phantom
  3910 | D:2      | Noticed Terence
  3924 | D:2      | Killed Terence
  3925 | D:2      | Reached XP level 5. HP: 23/43 MP: 12/12
  3938 | D:2      | Identified the +1 ring mail of the Endless Expanse {rN++
                  | Will+}
  4265 | D:2      | Slain by a phantom

Illustrated notes

Levels and vault maps discovered:
D:1:      erik_arrival_orb_chamber, layout_loops_corners,
          shapermc_ecumenical_altar_mp_urbaneastern, minmay_surrounded
D:2:      cheibrodos_pilgrimage, layout_loops_cross, uniq_terence
D:3:      minmay_razor_zed, layout_basic, serial_shops, shop,
          kennysheep_generic_room_13

Skill      XL: |  1  2  3  4 |
---------------+-------------+-----
Spellcasting   | 5 |  5.1
Invocations    | 1 |  1.5
Short Blades   | 1 |  1.4
Long Blades    | 1 |  1.4
Maces & Flails | 1 |  1.4
Polearms       | 1 |  1.4
Staves         | 1 |  1.4
Slings         | 1 |  1.4
Bows           | 1 |  1.4
Crossbows      | 1 |  1.4
Stealth        | 1 |  1.4
Shields        | 1 |  1.4
Unarmed Combat | 1 |  1.4
Evocations     | 1 |  1.4
Conjurations   | 1 |  1.1
Hexes          | 1 |  1.1
Summonings     | 1 |  1.1
Necromancy     | 1 |  1.1
Transmutations | 1 |  1.1
Fire Magic     | 1 |  1.1
Ice Magic      | 1 |  1.1
Air Magic      | 1 |  1.1
Earth Magic    | 1 |  1.1
Poison Magic   | 1 |  1.1
Fighting       | |  4.7
Axes           | |  4.7
Throwing       | |  2.9
Armour         | |  2.9
Dodging        | |  4.7
Translocations | |  5.5

Action                   |  1- 3 |  4- 6 || total
-------------------------+-------+-------++-------
Melee: Hand axe          |   106 |    59 ||   165
       Bite              |    19 |    13 ||    32
       Whip              |       |    62 ||    62
       Punch             |       |     3 ||     3
 Cast: Teleport Other    |     3 |       ||     3
       Gell's Gravitas   |       |     5 ||     5
  Use: Potion            |     4 |     1 ||     5
       Scroll            |       |     1 ||     1
 Stab: Sleeping          |       |     2 ||     2
Armor: Leather armour    |    20 |    24 ||    44
       Ring mail         |       |     7 ||     7
Dodge: Dodged            |    68 |    67 ||   135
